 Dungeon Crawl Stone Soup version 0.21-a0-536-gdbbf329 (webtiles) character file.

50 kiturien the Sneak (level 3, 0/21 HPs)
             Began as an Octopode Air Elementalist on Dec 14, 2017.
             Slain by a goblin (5 damage)
             ... led by Robin
             ... on level 2 of the Dungeon.
             The game lasted 00:07:57 (2192 turns).

kiturien the Sneak (Octopode Air Elementalist)      Turns: 2192, Time: 00:07:57

Health: 0/21       AC:  1    Str:  7    XL:     3   Next: 79%
Magic:  4/7        EV: 13    Int: 18    God:
Gold:   172        SH:  0    Dex: 12    Spells: 7/8 levels left

rFire    + . .     SeeInvis .   g - +0 spear (freeze)
rCold    . . .     Gourm    .   (no shield)
rNeg     . . .     Faith    .   (helmet restricted)
rPois    .         Spirit   .   (no amulet)
rElec    .         Reflect  .   d - ring of protection from fire
rCorr    .         Harm     .   (no ring)
MR       .....                  (no ring)
Stlth    +++.......             (no ring)
HPRegen  0.07/turn              (no ring)
MPRegen  0.10/turn              (no ring)
                                (no ring)
                                (no ring)

@: no status effects
A: almost no armour, stealthy swim, amphibious, 8 rings, constrict 8, camouflage
1, gelatinous body 1
a: no special abilities


You were on level 2 of the Dungeon.
You were not hungry.

You visited 1 branch of the dungeon, and saw 3 of its levels.

You collected 172 gold pieces.

Inventory:

Hand Weapons
 g - a +0 spear of freezing (weapon)
Jewellery
 d - a ring of protection from fire (left tentacle)
Scrolls
 e - a scroll of fear {unknown}
 j - 2 scrolls of identify {unknown}
 k - a scroll of enchant weapon {unknown}
 l - a scroll of remove curse {unknown}
 n - a scroll of random uselessness {unknown}
Potions
 h - a potion of heal wounds {unknown}
 i - a potion of ambrosia {unknown}
 m - a potion of haste {unknown}
 o - a potion of curing {unknown}
 p - a potion of brilliance {unknown}
Books
 a - a book of Air

   Spells                             Type                      Level
   a - Shock                          Conjuration/Air              1
   b - Swiftness                      Charms/Air                   2
   c - Static Discharge               Conjuration/Air              3
   d - Airstrike                      Air                          4
   e - Lightning Bolt                 Conjuration/Air              5
Comestibles
 b - 4 bread rations
 c - a fruit
 f - 2 meat rations
 q - 9 chunks of flesh


   Skills:
 - Level 2.2 Dodging
 - Level 3.5 Stealth
 - Level 3.0 Spellcasting
 - Level 1.0 Conjurations
 + Level 3.2 Air Magic


You had 7 spell levels left.
You knew the following spells:

 Your Spells              Type           Power        Failure   Level  Hunger
a - Shock                 Conj/Air       ##..         7%          1    None


Dungeon Overview and Level Annotations

Branches:
Dungeon (3/15)

Altars:
Ru

Annotations:
D:3 Robin


Innate Abilities, Weirdness & Mutations

You cannot wear most types of armour.
You are very stealthy in the water. (Stealth+)
You are amphibious.
You can wear up to eight rings at the same time.
You can use your tentacles to constrict eight enemies at once.
Your skin changes colour to match your surroundings (Stealth+).
Your rubbery body absorbs attacks. (AC +1, EV +1)


Message History

A goblin comes into view.
Casting: Shock
Confirm with . or Enter, or press ? or * to list all spells.
Okay, then.
The goblin hits you with a dagger. Robin throws the goblin at you!
* * * LOW HITPOINT WARNING * * *
The goblin barely misses you.
There is a stone staircase leading up here.
Casting: Shock
Confirm with . or Enter, or press ? or * to list all spells.
Okay, then.
The goblin hits you.
* * * LOW HITPOINT WARNING * * *
You climb upwards.
There is a stone staircase leading down here.
You closely miss the goblin. Your grab misses the goblin.
The goblin no longer looks unusually strong.
The goblin completely misses you. The goblin barely misses you.
The goblin hits you.
You die...

#.# #.###.##
#.###.##.... #.#
#.##...## #..........#
#.#
#.#.#.#.#######.####.#
#.# #........# #.# #.#
#####.#
###.#.#..######.# #.#
#.....#
##...#....>.(.# #.#
#.##### ##.###########
#.# #.# #g# #.. #.#
#@# ### #.###########
#g# #...........#
#.###########
###########.#
#...........# ### #.#
###########.# ##.. #.#
#.###... #.#
#########.##.... #.#
#..........#.... #.#
#.#######..#..<.


You could see 2 goblins.

Vanquished Creatures
  A gnoll (D:1)
  A worm (D:2)
  A dart slug (D:2)
  2 leopard geckos (D:2)
  2 giant cockroaches (D:1)
  2 goblins
  7 hobgoblins
  3 bats
  3 frilled lizards (D:2)
  5 kobolds
  7 rats
34 creatures vanquished.

Notes
Turn   | Place    | Note
-------+----------+-------------------------------------------
     0 | D:1      | kiturien the Octopode Air Elementalist began the quest for the Orb.
     0 | D:1      | Reached XP level 1. HP: 11/11 MP: 3/3
     0 | D:1      | Noticed a shadow dragon
     0 | D:1      | Noticed an ice dragon
     2 | D:1      | Noticed a shadow dragon
     8 | D:1      | Noticed a white draconian
     9 | D:1      | Noticed an iron dragon
    10 | D:1      | Noticed a shadow dragon
    12 | D:1      | Noticed an ice dragon
    16 | D:1      | Noticed a red draconian
    18 | D:1      | Noticed a white draconian
    18 | D:1      | Noticed a tentacled monstrosity
    18 | D:1      | Noticed a tentacled monstrosity
    24 | D:1      | Noticed a large abomination
   322 | D:1      | Reached XP level 2. HP: 17/17 MP: 0/5
   950 | D:2      | Reached XP level 3. HP: 21/21 MP: 5/7
  1938 | D:2      | Found a sacrificial altar of Ru.
  2178 | D:3      | Noticed Robin
  2192 | D:2      | Slain by a goblin

Vault maps used:
D:1:      shiori_arrival_whats_in_store_for_you
D:2:      nicolae_ru_the_path_less_chosen
D:3:      uniq_robin, uniq_grinder, uniq_terence

Skill      XL: |  1  2  3 |
---------------+----------+-----
Spellcasting   | 3 |  3.0
Stealth        | 3 |  3.5
Dodging        | |  2.2
Conjurations   | |  1.0
Air Magic      | |  3.2

Action                   || total
-------------------------++-------
Melee: Unarmed           ||     2
       Constrict         ||    11
       Tentacles         ||     7
       Spear             ||    34
 Cast: Shock             ||    48
 Stab: Sleeping          ||     1
  Eat: Meat ration       ||     1
       Chunk             ||     1
Armor: Skin              ||     6
Dodge: Dodged            ||    32

Table legend:
 A = Spawn XP
 B = Non-spawn XP
 C = Spawn XP percentage of total XP
 D = Spawn monster count
 E = Non-spawn monster count
 F = Spawn count percentage of total count
 G = Total turns spent on level
                    A         B        C        D         E        F      G
               +---------+---------+-------+---------+---------+-------+---------
         Total |       0 |      72 |   0.0 |       0 |      34 |   0.0 |  2192
               +---------+---------+-------+---------+---------+-------+---------
           D:1 |       0 |      29 |   0.0 |       0 |      10 |   0.0 |  1158
           D:2 |       0 |      34 |   0.0 |       0 |      18 |   0.0 |   960
           D:3 |       0 |       9 |   0.0 |       0 |       6 |   0.0 |    74
               +---------+---------+-------+---------+---------+-------+---------
